 Dungeon Crawl Stone Soup version 0.29-a0-1033-gb6c65ffae6 (webtiles) character file.

Game seed: 6521614367906532309

102 siradein the Shooter (level 4, -1/25 HPs)
             Began as a Deep Elf Hunter on Aug 15, 2022.
             Succumbed to a water moccasin's poison
             ... on level 3 of the Dungeon.
             The game lasted 00:05:15 (2130 turns).

siradein the Shooter (Deep Elf Hunter)              Turns: 2130, Time: 00:05:16

Health: -1/25      AC:  4    Str:  8    XL:     4   Next: 50%
Magic:  1/6        EV: 12    Int: 14    God:
Gold:   152        SH:  0    Dex: 20    Spells: 3/3 levels left

rFire   . . .      SeeInvis .   a - +0 shortbow
rCold   . . .      Faith    .   (shield currently unavailable)
rNeg    . . .      Spirit   +   c - +0 leather armour
rPois   .          Reflect  .   f - +0 helmet
rElec   .          Harm     .   (no cloak)
rCorr   .          Rampage  .   (no gloves)
Will    .....                   (no boots)
Stlth   ++........              n - amulet of guardian spirit
HPRegen 0.08/turn               (no ring)
MPRegen 0.10/turn               (no ring)

@: lethally poisoned (-1 -> -7)
A: no striking features
a: no special abilities


You were on level 3 of the Dungeon.
You visited 1 branch of the dungeon, and saw 3 of its levels.

You collected 152 gold pieces.

Inventory:

Hand Weapons
 a - a +0 shortbow (weapon)
Armour
 c - a +0 leather armour (worn)
 f - a +0 helmet (worn)
Jewellery
 n - an amulet of guardian spirit (around neck)
Scrolls
 b - a scroll of immolation
 d - a scroll of butterflies {unknown}
 e - 2 scrolls of teleportation
 i - a scroll of enchant weapon {unknown}
 l - a scroll of fear {unknown}
 m - a scroll of identify {unknown}
Potions
 g - a potion of degeneration {unknown}
 h - a potion of ambrosia {unknown}
 k - a potion of berserk rage {unknown}


   Skills:
 - Level 1.5 Fighting
 + Level 7.9 Ranged Weapons
 - Level 2.4 Dodging
 - Level 1.2 Stealth


You had 3 spell levels left.
You didn't know any spells.
Your spell library was empty.

Dungeon Overview and Level Annotations

Branches:
Dungeon (3/15)

Altars:

Annotations:
D:3 Pargi


Message History

The water moccasin poisons you! The water moccasin barely misses you.
You shoot an arrow.
The arrow barely misses the water moccasin.
You feel very sick. The water moccasin barely misses you.
You shoot an arrow.
The arrow completely misses the water moccasin.
You feel very sick. The water moccasin bites you.
The water moccasin barely misses you.
You are too injured to fight recklessly!
You are too injured to fight recklessly!
Unknown command.
You are too injured to fight recklessly!
Unknown command.
You are too injured to fight recklessly!
Unknown command.
You are too injured to fight recklessly!
Fire: a) +0 shortbow
Press: ? - help, Q - select action Shift-Dir - straight line, f/p - water moccasin
Aim: a water moccasin (50% to hit)
You shoot an arrow.
The arrow barely misses the water moccasin.
* * * LOW HITPOINT WARNING * * *
You feel very sick. The water moccasin bites you.
* * * LOW HITPOINT WARNING * * *
Fire: a) +0 shortbow
Press: ? - help, Q - select action Shift-Dir - straight line, f/p - water moccasin
Aim: a water moccasin (50% to hit)
You shoot an arrow. The arrow hits the water moccasin.
The water moccasin is lightly wounded.
* * * LOW HITPOINT WARNING * * *
You feel sick. The water moccasin closely misses you.
The water moccasin barely misses you.
Fire: a) +0 shortbow
Press: ? - help, Q - select action Shift-Dir - straight line, f/p - water moccasin
Aim: a water moccasin (lightly wounded, 50% to hit)
You shoot an arrow.
The arrow closely misses the water moccasin.
You die...

###.#.###.# #.....##.
#.........+ #.....##T
#.#.#.###.# #.....##.
#.#.#.....## ##........
#.#.#####..## ##..#.#.##.
#.......#...## ##...<.#.#
###..####..⌠.## ##.⌠..#.#..
####..####.....#####.....#######
#..............@S........# #...
#.###############.....#### #...
# #.##### #... #.# #... .# #...
.. #... .# #### .. # #.#######


You could see a water moccasin.

Vanquished Creatures
  Terence (D:2)
  Robin (D:3)
  An adder (D:2)
  A worm (D:2)
  A dart slug (D:2)
  6 endoplasms
  2 giant cockroaches
  12 goblins
  5 hobgoblins
  3 jackals (D:1)
  2 kobolds (D:2)
  2 quokkas (D:1)
  3 ball pythons
  4 bats
  3 frilled lizards
47 creatures vanquished.

Vanquished Creatures (others)
  2 fungi (D:2)
2 creatures vanquished.

Grand Total: 49 creatures vanquished

Notes
Turn   | Place    | Note
-------+----------+-------------------------------------------
     0 | D:1      | siradein the Deep Elf Hunter began the quest for the Orb.
     0 | D:1      | Reached XP level 1. HP: 12/12 MP: 3/3
   270 | D:1      | Reached skill level 6 in Ranged Weapons
   270 | D:1      | Reached XP level 2. HP: 16/16 MP: 4/4
   964 | D:2      | Noticed Terence
  1256 | D:2      | Reached XP level 3. HP: 20/20 MP: 5/5
  1335 | D:2      | Found a faded altar of an unknown god.
  1476 | D:2      | Reached skill level 7 in Ranged Weapons
  1627 | D:2      | Killed Terence
  1628 | D:2      | Reached XP level 4. HP: 25/25 MP: 6/6
  1742 | D:3      | Noticed Pargi
  1771 | D:3      | Noticed Robin
  1776 | D:3      | Killed Robin
  1926 | D:3      | Noticed a water moccasin
  2129 | D:3      | HP: 1/25 [poisoned by a water moccasin]
  2130 | D:3      | Succumbed to a water moccasin's poison

Illustrated notes

Levels and vault maps discovered:
D:1:      tarquinn_simple_flora_water_d, layout_basic
D:2:      layout_basic, shapermc_ecumenical_altar_mp_urbaneastern, uniq_terence
D:3:      layout_basic, nzn_overflow_gifts_of_might_and_magic,
          nicolae_overflow_ecumenical_swirl, minmay_misc_feat_rows,
          kennysheep_generic_room_6, uniq_robin, uniq_grinder, uniq_pargi

Skill      XL: |  1  2  3 |
---------------+----------+-----
Ranged Weapons | 6 7 |  7.9
Fighting       | |  1.5
Dodging        | |  2.4
Stealth        | |  1.2

Action                   |  1- 3 |  4- 6 || total
-------------------------+-------+-------++-------
 Fire: Shortbow          |    93 |    44 ||   137
  Use: Potion            |       |     2 ||     2
       Scroll            |       |     1 ||     1
Armor: Leather armour    |    13 |    21 ||    34
Dodge: Dodged            |    29 |    22 ||    51

Table legend: (Time is in decaauts)
 A = Elapsed time spent in this place.
 B = Non-inter-level travel time spent in this place.
 C = Inter-level travel time spent in this place.
 D = Time resting spent in this place.
 E = Time spent auto-exploring this place.
 F = Levels seen in this place.
 G = Mean time per level.
                   A        B        C        D        E       F      G
               +--------+--------+--------+--------+--------+-----+--------+
         Total |   2158 |   2072 |     86 |      0 |   1743 |   3 |  719.3 |
       Dungeon |   2158 |   2072 |     86 |      0 |   1743 |   3 |  719.3 |
               +--------+--------+--------+--------+--------+-----+--------+

Top non-repeatable levels by time:
     D:1: 928 daAuts
     D:2: 804 daAuts
     D:3: 425 daAuts
